 Dungeon Crawl Stone Soup version 0.17-a0-1713-gdf939a4 (webtiles) character file.

368 Leibowitz the Poker (level 6, -3/70 HPs)
             Began as a Merfolk Gladiator on Aug 23, 2015.
             Killed from afar by an orc wizard (6 damage)
             ... with a puff of frost
             ... on level 4 of the Dungeon.
             The game lasted 00:11:16 (2993 turns).

Leibowitz the Poker (Merfolk Gladiator)             Turns: 2993, Time: 00:11:16

Health: -3/70      AC: 23    Str: 16    XL:     6   Next: 69%
Magic:  6/6        EV:  2    Int: 12    God:
Gold:   118        SH:  0    Dex: 16    Spells: 0 memorised, 5 levels left

rFire  . . .     SeeInvis .     a - +0 trident
rCold  . . .     Clarity  .     (armour currently unavailable)
rNeg   + + +     SustAt   +     (no shield)
rPois  +         Gourm    .     (helmet currently unavailable)
rElec  .         Spirit   .     (cloak currently unavailable)
rCorr  .         Warding  .     (gloves currently unavailable)
rMut   .         NoTele   +     (boots currently unavailable)
MR     .....                    (no amulet)
Stlth  ++........               v - ring of sustain attributes
                                p - ring of poison resistance

@: brilliant, tree-form, not resistant to hostile enchantments, unstealthy
A: (change form in water), (swift swim)
a: no special abilities


You were on level 4 of the Dungeon.
You were not hungry.
You were a tree.
You visited 1 branch of the dungeon, and saw 4 of its levels.

You collected 118 gold pieces.

Inventory:

Hand weapons
 a - a +0 trident (weapon)
Missiles
 d - 3 throwing nets (quivered)
 y - 7 poisoned needles
 A - 6 curare-tipped needles
Armour
 b - a +0 leather armour (melded)
 e - a +0 helmet (melded)
Jewellery
 p - a ring of poison resistance (left branch)
 r - an uncursed amulet of stasis
 u - an uncursed amulet of regeneration
 v - a ring of sustain attributes (right branch)
Scrolls
 c - 4 scrolls of identify {unknown}
 l - 5 scrolls of teleportation {unknown}
 n - a scroll of magic mapping {unknown}
 o - 3 scrolls of enchant weapon {unknown}
 s - a scroll of amnesia {unknown}
 t - 2 scrolls of remove curse {unknown}
 x - 2 scrolls of fear {unknown}
 z - a scroll of recharging {unknown}
Potions
 h - a potion of magic
 i - a potion of heal wounds {unknown}
 j - a potion of lignification
 k - a potion of flight {unknown}
 m - 2 potions of brilliance
 q - a potion of cancellation {unknown}
 B - a potion of mutation {unknown}
 C - a potion of berserk rage {unknown}
Comestibles
 f - 3 bread rations
 g - a meat ration
 w - 4 chunks of flesh


   Skills:
 * Level 3.5 Fighting
 * Level 6.8 Polearms
 - Level 2.0 Throwing
 + Level 1.5 Armour
 * Level 6.4 Dodging
 + Level 1.3 Stealth


You had 5 spell levels left.
You didn't know any spells.

Dungeon Overview and Level Annotations

Branches:
Dungeon (4/15)
 Temple: D:4-7

Altars:
Ashenzari
Cheibriados


Message History

The orc wizard is heavily wounded.
The orc hits you but does no damage.
The orc wizard hits you but does no damage.
The orc hits you but does no damage.
You barely miss the orc wizard.
The orc wizard is heavily wounded.
The orc wizard gestures at you while chanting.
The puff of flame hits you! The orc hits you but does no damage.
The orc hits you but does no damage.
The orc wizard hits you but does no damage.
You miss the orc wizard.
The orc wizard is heavily wounded.
The orc hits you but does no damage. x2
The orc completely misses you.
The orc wizard hits you but does no damage.
You barely miss the orc wizard.
The orc wizard is heavily wounded.
The orc wizard gestures at you while chanting.
The puff of frost hits you!
You die...

....## .....##
.....## $.... #....
#?o.# ######## #oo#
.......## #o♣#
........# #..#
........## #..#
#####....# #..#
##...# #..# ###....#
#..# ###......#
##..## .........##
#....#
..........####....##


You could see an orc wizard and 3 orcs.

Vanquished Creatures
  The ghost of Enroth the Chopper, an average HOGl (D:3)
  A jelly (D:3)
  A hound (D:4)
  An orc wizard (D:4)
  A worker ant (D:4)
  4 gnolls (D:4)
  4 adders
  2 oozes
  A worm (D:2)
  4 giant geckos
  10 orcs
  8 bats
  8 goblins
  8 hobgoblins
  4 jackals (D:2)
  7 kobolds
  4 giant cockroaches
  5 giant newts
  A jackal skeleton (D:4)
  A quokka (D:3)
  8 rats
84 creatures vanquished.

Notes
Turn   | Place    | Note
--------------------------------------------------------------
     0 | D:1      | Leibowitz the Merfolk Gladiator began the quest for the Orb.
     0 | D:1      | Reached XP level 1. HP: 16/16 MP: 1/1
   255 | D:1      | Reached XP level 2. HP: 22/22 MP: 2/2
   289 | D:1      | Found a shattered altar of Ashenzari.
   453 | D:1      | Reached skill level 5 in Polearms
   665 | D:1      | Reached XP level 3. HP: 26/28 MP: 3/3
   836 | D:1      | Reached skill level 5 in Dodging
  1269 | D:2      | Reached XP level 4. HP: 25/34 MP: 4/4
  1295 | D:2      | Reached skill level 1 in Stealth
  1701 | D:3      | Found a snail-covered altar of Cheibriados.
  1990 | D:3      | Reached XP level 5. HP: 15/40 MP: 5/5
  2481 | D:3      | Noticed Enroth's ghost (average HOGl)
  2495 | D:3      | Killed Enroth's ghost
  2495 | D:3      | Reached skill level 6 in Polearms
  2495 | D:3      | Reached skill level 1 in Armour
  2495 | D:3      | Reached XP level 6. HP: 24/47 MP: 6/6
  2989 | D:4      | HP: 2/70 [orc wizard/puff of flame (5)]
  2993 | D:4      | Killed from afar by an orc wizard

Vault maps used:
D:1:      tarquinn_simple_flora_water_c, interstate_on_off,
          evilmike_ruin_ashenzari
D:2:      first_bread, grunt_ministairs_13
D:3:      cheibriados_altar_1

Action                   |  1- 3 |  4- 6 || total
-------------------------+-------+-------++-------
Melee: Trident           |   131 |   195 ||   326
  Use: Potion            |       |     3 ||     3
 Stab: Sleeping          |     2 |     1 ||     3
       Distracted        |       |     1 ||     1
  Eat: Chunk             |     1 |     2 ||     3
       Bread ration      |       |     1 ||     1
